 Dungeon Crawl Stone Soup version 0.20-a0-77-g476458c (webtiles) character file.

1750 KristoblXynda the Chopper (level 8, -2/67 HPs)
             Began as a Pale Draconian Skald on Nov 19, 2016.
             Slain by an orc
             ... wielding a +0 halberd
              (12 damage)
             ... in a bailey.
             The game lasted 00:15:47 (7085 turns).

KristoblXynda the Chopper (Pale Draconian Skald)    Turns: 7085, Time: 00:15:47

Health: -2/67      AC:  8    Str: 15    XL:     8   Next: 78%
Magic:  9/9        EV: 14    Int: 14    God:
Gold:   365        SH:  0    Dex: 11    Spells: 3 memorised, 4 levels left

rFire  . . .     SeeInvis +     q - +0 war axe
rCold  + . .     Gourm    .     (armour unavailable)
rNeg   . . .     Faith    .     (no shield)
rPois  .         Spirit   .     (helmet restricted)
rElec  .         Reflect  .     h - +1 cloak
rCorr  .         Harm     .     (no gloves)
MR     .....     Rnd*Rage +     (no boots)
Stlth  +......... Rnd*Tele +    g - amulet of regeneration
                                t - ring of protection from cold
                                o - ring of see invisible

@: no status effects
A: breathe steam, unfitting armour, antennae 1, berserk 1, blurry vision 1, low
mp 1, robust 1, teleportitis 1, cold-blooded, AC +6
a: Breathe Steam


You were in a bailey.
You were not hungry.

You visited 1 branch of the dungeon, and saw 7 of its levels.
You also visited: Bailey.

You collected 365 gold pieces.

Inventory:

Hand Weapons
 j - a +2 spear of flaming
 q - a +0 war axe (weapon)
Missiles
 d - a throwing net (quivered)
Armour
 h - a +1 cloak (worn)
 n - a +0 shield
Jewellery
 g - an amulet of regeneration (around neck)
 o - a ring of see invisible (left hand)
 t - a ring of protection from cold (right hand)
Wands
 a - a wand of confusion (18/48)
 v - a wand of iceblast (0/15)
 z - a wand of lightning (2/15)
 B - a wand of paralysis (6/24)
Scrolls
 e - a scroll of immolation
 p - a scroll of enchant armour
 s - 2 scrolls of remove curse
 x - a scroll of recharging
 y - a scroll of teleportation
Potions
 k - a potion of flight
 r - 2 potions of magic
Books
 b - a book of Battle

   Spells                             Type                      Level
   a - Infusion                       Charms                       1
   b - Shroud of Golubria             Charms/Translocation         2
   c - Song of Slaying                Charms                       2
   d - Spectral Weapon                Hexes/Charms                 3
   e - Regeneration                   Charms/Necromancy            3
 E - a book of Misfortune

   Spells                             Type                      Level
   a - Confusing Touch                Hexes                        1
   b - Confuse                        Hexes                        3
   c - Gell's Gravitas                Hexes/Translocation          3
   d - Petrify                        Transmutation/Earth          4
   e - Metabolic Englaciation         Hexes/Ice                    5
   f - Yara's Violent Unravelling     Hexes/Transmutation          5
Comestibles
 c - 2 bread rations
 f - a slice of pizza
 i - 6 fruits
 l - 2 meat rations
 u - 2 beef jerkies


   Skills:
 - Level 2.1 Fighting
 + Level 6.8 Axes
 - Level 6.0 Dodging
 + Level 1.5 Shields
 - Level 2.0 Spellcasting
 - Level 4.1 Charms
 + Level 5.0 Necromancy


You had 4 spell levels left.
You knew the following spells:

 Your Spells              Type           Power        Failure   Level  Hunger
a - Infusion              Chrm           ##..         4%          1    ##.....
b - Regeneration          Chrm/Necr      ##........   12%         3    ####...
c - Spectral Weapon       Hex/Chrm       #.......     30%         3    ####...


Dungeon Overview and Level Annotations

Branches:
Dungeon (7/15)             Temple (0/1) D:7

Altars:
Dithmenos
Gozag
Kikubaaqudgha
Trog
Xom
The Shining One

Annotations:
D:5 KristoblXynda's ghost, novice DrHu


Innate Abilities, Weirdness & Mutations

You can breathe blasts of scalding, opaque steam.
Your pale cyan-grey scales are hard. (AC +6)
You cannot fit into any form of body armour.
You are cold-blooded and may be slowed by cold attacks.
You have a pair of small antennae on your head.
You tend to lose your temper in combat.
Scrolls take you a little longer to read.
Your magical capacity is low. (-10% MP)
You are robust. (+10% HP)
You are occasionally teleported next to monsters.


Message History

* * * LOW HITPOINT WARNING * * *
The orc completely misses you.
The orc hits you from afar with a halberd!
* * * LOW HITPOINT WARNING * * *
The orc barely misses you. The orc closely misses you. x2
The orc hits you but does no damage.
Really read with blurry vision while enemies are nearby?
Okay, then.
Unknown command.
The orc barely misses you. The orc hits you but does no damage. x2
The orc warrior barely misses you. The orc completely misses you.
The orc closely misses you.
All of the chunks of flesh in your inventory have rotted away.
The orc completely misses you.
There is a gate leading back out of this place here.
The orc warrior hits you with a hand axe.
* * * LOW HITPOINT WARNING * * *
The orc barely misses you. x2; The orc warrior completely misses you.
The orc hits you from afar with a halberd!
You die...

#.......#
#.......#
#.......#
#.......#
#...o..o#
#...oooo#
#....ooo#
#....ooo#
#∩.....@#
#.......#
##..∩..##
#######


You could see 2 orc warriors and 10 orcs.

Vanquished Creatures
  Sigmund (D:5)
  An ice beast (D:7)
  An orc warrior (D:6)
  An ogre (D:7)
  The ghost of KristoblXynda the Charmwright, an amateur DrSk of Nemelex Xobeh (D:3)
  4 bullfrogs (D:6)
  3 scorpions
  A howler monkey (D:6)
  2 crimson imps
  A bullfrog zombie (D:5)
  3 hounds
  2 jellies
  A centaur skeleton (D:4)
  2 bullfrog skeletons
  An iguana (D:4)
  4 worker ants
  2 hound skeletons
  A worker ant zombie (D:6)
  3 gnolls (D:5)
  11 adders
  2 shadow imps
  3 oozes
  3 worms
  4 dart slugs
  2 leopard geckos
  11 orcs
  2 ball pythons
  6 bats
  4 giant cockroaches
  10 goblins
  12 hobgoblins
  15 jackals
  8 kobolds
  3 quokkas
  8 frilled lizards
  A leopard gecko skeleton (D:4)
  A leopard gecko zombie (D:4)
  7 rats
148 creatures vanquished.

Notes
Turn   | Place    | Note
-------+----------+-------------------------------------------
     0 | D:1      | KristoblXynda the Draconian Skald began the quest for the Orb.
     0 | D:1      | Reached XP level 1. HP: 17/17 MP: 3/3
   713 | D:1      | Reached XP level 2. HP: 22/24 MP: 5/5
  1305 | D:1      | Reached XP level 3. HP: 29/29 MP: 6/6
  2064 | D:2      | Reached XP level 4. HP: 34/36 MP: 7/7
  2069 | D:2      | Learned a level 3 spell: Regeneration
  2073 | D:2      | Learned a level 3 spell: Spectral Weapon
  2205 | D:2      | You fall through a shaft!
  2751 | D:2      | Reached XP level 5. HP: 39/41 MP: 8/8
  2960 | D:3      | Found an opulent altar of Gozag.
  2962 | D:3      | Noticed KristoblXynda's ghost (amateur DrSk)
  2963 | D:3      | Found a bloodstained altar of Trog.
  3028 | D:3      | Killed KristoblXynda's ghost
  3069 | D:3      | Found an ancient bone altar of Kikubaaqudgha.
  3563 | D:3      | Reached XP level 6. HP: 48/48 MP: 9/9
  3835 | D:3      | You fall through a shaft!
  4314 | D:4      | Found a shimmering altar of Xom.
  4619 | D:4      | Reached skill level 1 in Necromancy
  4844 | D:4      | Found a shadowy altar of Dithmenos.
  4950 | D:5      | Entered Level 5 of the Dungeon
  5022 | D:5      | Found a glowing golden altar of the Shining One.
  5039 | D:5      | Your scales start taking on a pale cyan-grey colour.
  5039 | D:5      | Reached XP level 7. HP: 49/55 MP: 10/10
  5044 | D:5      | Noticed a wraith
  5130 | D:5      | Noticed KristoblXynda's ghost (novice DrHu)
  5366 | D:5      | Noticed Sigmund
  5377 | D:5      | Killed Sigmund
  5377 | D:5      | Reached skill level 5 in Axes
  5664 | D:5      | Reached skill level 5 in Dodging
  5672 | D:5      | Gained mutation: Scrolls take you a little longer to read. [potion of mutation]
  5672 | D:5      | Gained mutation: You tend to lose your temper in combat. [potion of mutation]
  5672 | D:5      | Gained mutation: Your magical capacity is low. (-10% MP) [potion of mutation]
  5673 | D:5      | Gained mutation: You are robust. (+10% HP) [potion of mutation]
  5673 | D:5      | Gained mutation: You are occasionally teleported next to monsters. [potion of mutation]
  5673 | D:5      | Gained mutation: You have a pair of small antennae on your head. [potion of mutation]
  6025 | D:6      | Reached XP level 8. HP: 67/67 MP: 9/9
  7025 | D:7      | Reached skill level 1 in Shields
  7042 | D:7      | Reached skill level 5 in Necromancy
  7050 | D:7      | Found a staircase to the Ecumenical Temple.
  7051 | D:7      | Found a flagged portal.
  7070 | Bailey   | Entered a bailey
  7085 | Bailey   | Slain by an orc

Vault maps used:
D:1:      dpeg_arrival_signposts
D:2:      kennysheep_six_static_rooms, first_bread, minmay_tromino_v4_a
D:3:      grunt_temple_overflow_open
D:4:      nicolae_overflow_crystal_walls, grunt_dithmenos_shadows
D:5:      basic_altar, uniq_sigmund
D:7:      lemuel_round_altar, enter_bailey_3, uniq_pikel
Bailey:   bailey_polearm_5, bailey

Skill      XL: |  1  2  3  4  5  6  7  8 |
---------------+-------------------------+-----
Charms         | 3 4 |  4.1
Dodging        | 2 3 4 5 6 |  6.0
Axes           | 3 4 5 6 |  6.8
Necromancy     | 2 3 5 |  5.0
Shields        | 1 |  1.5
Fighting       | |  2.1
Spellcasting   | |  2.0

Action                   |  1- 3 |  4- 6 |  7- 9 || total
-------------------------+-------+-------+-------++-------
Melee: Hand axe          |   132 |   399 |   174 ||   705
       Tailslap          |    12 |    54 |    40 ||   106
       War axe           |       |       |   122 ||   122
 Cast: Regeneration      |       |       |     1 ||     1
       Infusion          |       |       |     1 ||     1
 Abil: Breathe Steam     |       |       |    12 ||    12
Evoke: Wand              |       |       |     1 ||     1
  Use: Scroll            |     5 |     7 |    10 ||    22
       Potion            |       |     3 |     4 ||     7
 Stab: Sleeping          |     1 |       |       ||     1
  Eat: Chunk             |     4 |     7 |     3 ||    14
       Royal jelly       |       |     1 |       ||     1
       Fruit             |       |       |     2 ||     2
       Meat ration       |       |       |     1 ||     1
Armor: Skin              |    58 |   149 |   102 ||   309
Dodge: Dodged            |   108 |   299 |   258 ||   665
